[Event "Early-Titled-Tuesday-Blitz-November-28-2023"]
[Site "Chess.com"]
[Date "2023.11.28"]
[Round "4"]
[White "vladoboch"]
[Black "deepfear"]
[Result "1-0"]
[WhiteElo "2430"]
[BlackElo "1920"]
[TimeControl "180+1"]
[EndTime "8:39:37 PST"]
[Termination "vladoboch won on time"]

1. e4 c5 2. Nf3 g6 3. d4 cxd4 4. Nxd4 Bg7 5. Be3 Nc6 6. c4 Nf6 7. Nc3 O-O 8. Be2 d6 9. O-O Bd7 10. h3 Nxd4 11. Bxd4 Bc6 12. Qc2 Nd7 13. Bxg7 Kxg7 14.
b4 b6 15. Rad1 a5 16. a3 Qc7 17.
f4 Ra7 18. Kh1 Rfa8 19. b5 Bb7 20. Bf3 Rf8 21. Qb2 Kg8 22. Qe2 Ba8 23. Rd4 Qc5 24.
Rfd1 Qxa3 25. Qe1 Nf6 26. R1d3 Qc5 27. e5 dxe5 28. fxe5 Bxf3 29. gxf3 Nh5 30. Nd5 e6 31. Nf6+ Nxf6 32. exf6 Qh5 33. Rh4 Qf5 34. Rdd4 Qxf6 35.
Rdf4 Qg7 36. Rfg4 Rd7 37. Rg2 Rfd8 38. Kh2 Rd1 39. Qg3 R1d2 40. Qg5 h6 41. Rxh6 Rxg2+ 42. Kxg2 Qb2+ 43. Kg3 Qg7 44. Qxd8+ 1-0

[Event "Early-Titled-Tuesday-Blitz-November-28-2023"]
[Site "Chess.com"]
[Date "2023.11.28"]
[Round "4"]
[White "tantaan"]
[Black "IljaZaragatski"]
[Result "0-1"]
[WhiteElo "2354"]
[BlackElo "2640"]
[TimeControl "180+1"]
[EndTime "8:39:39 PST"]
[Termination "IljaZaragatski won by resignation"]

1. e4 d6 2. d4 Nf6 3. Nc3 e5 4.
Nf3 Nbd7 5. Be3 Be7 6. Bc4 O-O 7.
O-O Nb6 8. Be2 exd4 9. Nxd4 Re8 10. Nf5 Bf8 11. Ng3 c6 12. Qd2 Be6 13. b3 Qc7 14. a4 a5 15. Rad1 Rad8 16. Bd3 d5 17. e5 Ng4 18. Bg5 Bb4 19. Bxd8 Rxd8 20. Nge2 Qxe5 21. f4 Qh5 22. h3 Bc5+ 23. Kh1 Nf2+ 24. Rxf2 Bxf2 25. Ng1 Bc5 26. Nce2 Qh6 27. f5 Qxd2 28. Rxd2 Bc8 29. Rd1 Re8 30. Nf3 Nd7 31. Nf4 Bd6 32. Nh5 Nf6 33. Nxf6+ gxf6 34. Nh2 h5 35. g4 hxg4 36.
Nxg4 Kg7 37. Rg1 Rh8 38. Kg2 Rh5 39. Rf1 c5 40. c3 Bd7 41. c4 Bc6 42. cxd5 Bxd5+ 43.
Kf2 Rxh3 44. Rg1 Kf8 45. Ne3 Bc6 46. Bf1 Rf3+ 47. Ke2 Rf4 48. Rh1 Bxh1 0-1

[Event "Early-Titled-Tuesday-Blitz-November-28-2023"]
[Site "Chess.com"]
[Date "2023.11.28"]
[Round "4"]
[White "simonachess"]
[Black "Road2GM3000"]
[Result "1-0"]
[WhiteElo "2278"]
[BlackElo "2485"]
[TimeControl "180+1"]
[EndTime "8:39:39 PST"]
[Termination "simonachess won by resignation"]

1. d4 d5 2. c4 c6 3. Nc3 Nf6 4.
e3 a6 5. Nf3 Bf5 6. Be2 e6 7. O-O Nbd7 8. b3 Bd6 9. Bb2 O-O 10.
cxd5 exd5 11. Re1 Ne4 12. Bf1 Qf6 13. a3 Qh6 14. Ne2 Ndf6 15. Ng3 Ng4 16. Re2 Ng5 17. h3 Bxg3 18. fxg3 Nxf3+ 19. gxf3 Nxe3 20. Bc1 Nxd1 21.
Bxh6 Nc3 22. Re3 gxh6 23. Rxc3 Rfe8 24. Kf2 Re7 25. g4 Bg6 26. Re1 Rae8 27. Rce3 Rxe3 28.
Rxe3 Rxe3 29. Kxe3 Kf8 30. Kf4 Ke7 31. Ke3 Kd6 32. h4 b6 33. b4 c5 34. bxc5+ bxc5 35. dxc5+ Kxc5 36. Bxa6 d4+ 37. Kd2 Kd5 38. Bd3 f5 39.
gxf5 Be8 40. Be4+ Ke5 41. Bd3 Kf4 42. Ke2 Kg3 43. Be4 Bb5+ 44. Kd2 Kxh4 45. f6 Bc4 46. a4 Kg5 47. Bxh7 Kxf6 48. Bd3 Bd5 49. Be4 Bxe4 50. fxe4 h5 51. a5 h4 52. a6 h3 53. a7 h2 54. a8=Q h1=Q 55. e5+ 1-0

[Event "Early-Titled-Tuesday-Blitz-November-28-2023"]
[Site "Chess.com"]
[Date "2023.11.28"]
[Round "4"]
[White "KuzubovYuriy"]
[Black "Predator0608"]
[Result "0-1"]
[WhiteElo "2838"]
[BlackElo "2602"]
[TimeControl "180+1"]
[EndTime "8:39:40 PST"]
[Termination "Predator0608 won by checkmate"]

1. d4 d5 2. c4 e6 3. Nf3 Nf6 4. Nc3 Be7 5. cxd5 exd5 6. Bf4 c6 7. e3 Nbd7 8. Bd3 h6 9. h3 O-O 10. g4 Re8 11. Qc2 a5 12. O-O-O a4 13. Kb1 a3 14. b3 Bb4 15. g5 hxg5 16. Nxg5 Nf8 17. Rhg1 Bxc3 18.
Qxc3 Ne4 19. Qc2 Qa5 20. Nxe4 dxe4 21. Be2 Bf5 22. h4 Ne6 23. Be5 Kf8 24. Bc4 f6 25.
Bd6+ Kf7 26. f3 exf3 27. e4 Bh7 28. Ka1 b5 29. Bxe6+ Rxe6 30. Qxc6 Rxd6 31. Qb7+ Ke8 32. Rc1 Rad8 33. Rxg7 R6d7 34. Qc6 Qd2 35. Rxd7 Rxd7 36. Qe6+ Kd8 37. Qxf6+ Re7 38. Qb6+ Ke8 39. Qc6+ Kf7 40. Qd5+ Kg7 41. Rg1+ Bg6 42. Qc5 Qb2# 0-1

[Event "Early-Titled-Tuesday-Blitz-November-28-2023"]
[Site "Chess.com"]
[Date "2023.11.28"]
[Round "4"]
[White "vi_pranav"]
[Black "IM_ArthurDW08"]
[Result "0-1"]
[WhiteElo "3049"]
[BlackElo "2792"]
[TimeControl "180+1"]
[EndTime "8:39:42 PST"]
[Termination "IM_ArthurDW08 won by resignation"]

1. e4 c5 2. Nf3 Nc6 3. Bb5 e6 4. Bxc6 bxc6 5. b3 d6 6. e5 dxe5 7. Nxe5 Qg5 8. Ng4 Nf6 9. Ne3 Be7 10. O-O h5 11. Re1 Ng4 12. h3 Qe5 13. hxg4 Qxa1 14. Nc3 Bf6 15. Qf3 O-O 16. Nc4 hxg4 17. Qxc6 Rb8 18.
Qe4 Bxc3 19. dxc3 Qxa2 20. Qxg4 Qxc2 21. Ne5 Qxc3 22. Nf3 Bb7 23. Rf1 Bxf3 24. gxf3 Rxb3 25. Be3 Qf6 26. Bxc5 Rc8 27. Be3 a5 28. Kg2 Qg6 29. Bg5 Rb4 30. f4 Rc5 31. Rd1 Rb8 32. Qh3 Qe4+ 33. Kh2 Rc2 34. Qh4 Qf3 35. Rf1 Rbb2 36.
Kg1 Rd2 37. f5 Rd1 38. Rxd1 Qxd1+ 39. Kh2 Qd6+ 40. Bf4 Qd4 41. Kg2 exf5 42. Qg3 a4 43.
Kh2 Qxf2+ 0-1

[Event "Early-Titled-Tuesday-Blitz-November-28-2023"]
[Site "Chess.com"]
[Date "2023.11.28"]
[Round "4"]
[White "Kotlyar_K"]
[Black "Crasmus"]
[Result "1-0"]
[WhiteElo "2657"]
[BlackElo "2262"]
[TimeControl "180+1"]
[EndTime "8:39:42 PST"]
[Termination "Kotlyar_K won on time"]

1. e4 c5 2. Nf3 e6 3. d4 cxd4 4. Nxd4 a6 5. Nc3 Qc7 6. g3 Bb4 7. Bd2 Be7 8. Bg2 Nf6 9. O-O d6 10. Re1 Nc6 11. Be3 O-O 12. Kh1 Bd7 13. Qe2 Ne5 14.
Rad1 Rac8 15. f4 Nc4 16. Bc1 b5 17. g4 b4 18. Nb1 Bb5 19. Nxb5 axb5 20. g5 Nd7 21. c3 bxc3 22. Nxc3 b4 23. Nb5 Qa5 24. Nd4 Qxa2 25. f5 e5 26. Nf3 f6 27. g6 h6 28. Bf1 Rfd8 29. Nd2 Nxd2 30. Qxd2 Nc5 31. Qxb4 Kh8 32. Bc4 Qb1 33. Bd5 Qc2 34. Qd2 Qa4 35.
b4 Nb3 36. Qb2 Nxc1 37. Rxc1 Rxc1 38. Rxc1 Qb5 39. Bc6 Qd3 40. b5 Qf3+ 41. Qg2 Qe3 42. Rb1 Qd3 43. Rc1 Qe3 44. Qc2 Qf3+ 45. Kg1 Qe3+ 46.
Kf1 Qf3+ 47. Ke1 Qe3+ 48. Kd1 Qf3+ 49. Qe2 Qh1+ 50. Kd2 1-0

[Event "Early-Titled-Tuesday-Blitz-November-28-2023"]
[Site "Chess.com"]
[Date "2023.11.28"]
[Round "4"]
[White "Leonid_Starozhilov"]
[Black "doublesik"]
[Result "1-0"]
[WhiteElo "2740"]
[BlackElo "2531"]
[TimeControl "180+1"]
[EndTime "8:39:43 PST"]
[Termination "Leonid_Starozhilov won on time"]

1. e4 c5 2. Nf3 d6 3. Bb5+ Nd7 4.
O-O Nf6 5. Re1 a6 6. Bxd7+ Bxd7 7. c3 e5 8. d4 Qc7 9. dxe5 dxe5 10. Bg5 Be7 11.
c4 Be6 12. Bxf6 Bxf6 13. Qe2 O-O 14. Nc3 Bd8 15. Red1 f6 16. Nd5 Qc6 17. a4 Ba5 18. h3 Kh8 19. b3 Rfd8 20. Rd3 b5 21. axb5 axb5 22. Rdd1 bxc4 23. bxc4 Bb4 24. Qb2 h6 25. Nh4 Ra4 26. Ng6+ Kh7 27. Nge7 Qe8 28. Rxa4 Qxa4 29. Ra1 Qe8 30. Ra7 Rd7 31. Qa2 Qb8 32. Ra8 Qb7 33.
Qa6 Rxe7 34. Nxe7 Qxe7 35. Qc6 Qd7 36. Qa6 Bd2 37. Ra7 Qe8 38. Qb7 Qf8 39. Ra4 Bf4 40. g3 Bd2 41. Kg2 Qc8 42. Qe7 Qc6 43. Ra7 Qxe4+ 44.
Kh2 1-0

[Event "Early-Titled-Tuesday-Blitz-November-28-2023"]
[Site "Chess.com"]
[Date "2023.11.28"]
[Round "4"]
[White "CSB7"]
[Black "LeoLV10"]
[Result "0-1"]
[WhiteElo "2718"]
[BlackElo "2544"]
[TimeControl "180+1"]
[EndTime "8:39:43 PST"]
[Termination "LeoLV10 won by checkmate"]

1. d4 Nf6 2. c4 e6 3. Nc3 Bb4 4. g3 d5 5. a3 Be7 6. Bg2 c6 7. Nf3 O-O 8. O-O Nbd7 9. Nd2 Nb6 10. b3 dxc4 11. Nxc4 Nfd5 12. Bb2 Nxc3 13. Bxc3 Nd5 14. Bb2 b5 15. Ne5 Bb7 16. Rc1 Rc8 17. Nd3 a5 18. e4 Nb6 19. Nc5 Ba8 20. Qg4 Bf6 21.
Rfd1 Nd7 22. Nd3 Qb6 23. e5 Be7 24. b4 Qd8 25. Nc5 Nb6 26. Rc3 Nc4 27. Bc1 Re8 28. Bf1 Nb6 29. Bd3 Bf8 30. h4 Nd5 31. Rb3 f5 32. exf6 Nxf6 33. Qe2 Qd5 34. Rc3 axb4 35. axb4 e5 36. dxe5 Rxe5 37. Bxh7+ Kxh7 38. Qc2+ Kg8 39. Rxd5 Nxd5 40. Rb3 Re1+ 41. Kg2 Rce8 42. Bg5 R8e2 43. Qf5 Nxb4 44. Rxb4 Bxc5 45. Qxc5 Kh7 46. Qa7 Re8 47. Rg4 c5+ 48. f3 R8e2+ 49. Kh3 Rh1# 0-1

[Event "Early-Titled-Tuesday-Blitz-November-28-2023"]
[Site "Chess.com"]
[Date "2023.11.28"]
[Round "4"]
[White "Pastore1978"]
[Black "Roman_Ovetchkin"]
[Result "1-0"]
[WhiteElo "2529"]
[BlackElo "2650"]
[TimeControl "180+1"]
[EndTime "8:39:43 PST"]
[Termination "Pastore1978 won by resignation"]

1. e4 c6 2. d4 d5 3. exd5 cxd5 4. Bd3 Nc6 5. c3 Qc7 6. Ne2 Bg4 7. Qb3 Bxe2 8. Bxe2 Nxd4 9. cxd4 Qxc1+ 10. Bd1 Qc6 11. O-O e6 12. Nc3 Bd6 13. Nb5 Nf6 14.
Rc1 Qxc1 15. Nxd6+ Ke7 16. Qa3 Ne8 17. Nxb7+ Kf6 18.
Qf3+ Ke7 19. Qa3+ Kd7 20. Ba4+ Qc6 21. Bxc6+ Kxc6 22. Na5+ Kd7 23. Qa4+ Ke7 24. Qb4+ Kf6 25. Rc1 Kg6 26. Rc3 h6 27. Rg3+ Kh7 28. h4 Nf6 29. f3 Rac8 30. Rh3 Rc1+ 31. Kh2 Rhc8 32. Nb3 R1c2 33. Nc5 Nh5 34. Rg3 Nxg3 35. Kxg3 Kg6 36.
a3 h5 37. Qb3 Rd2 38. Qc3 Re2 39. Qd3+ Kh6 40. Qxe2 g6 41. Qd2+ Kg7 42. Qd3 Rc6 43. Qb3 Rb6 44. Qxb6 axb6 45. Na4 b5 46. Nc3 e5 47. Nxb5 exd4 48. Nxd4 Kf6 49. a4 Ke5 50. Ne2 1-0

[Event "Early-Titled-Tuesday-Blitz-November-28-2023"]
[Site "Chess.com"]
[Date "2023.11.28"]
[Round "4"]
[White "JimDiGrease"]
[Black "Fonsofan"]
[Result "0-1"]
[WhiteElo "2966"]
[BlackElo "2742"]
[TimeControl "180+1"]
[EndTime "8:39:45 PST"]
[Termination "Fonsofan won on time"]

1. d4 Nf6 2. c4 e6 3. Bf4 d5 4. cxd5 Nxd5 5. Bg3 c5 6. e4 Nf6 7. Nd2 cxd4 8. Ngf3 Nc6 9. e5 Nd5 10. a3 Be7 11.
Bd3 b6 12. h4 h6 13. Qe2 Bb7 14. Qe4 a6 15. Qg4 Kf8 16. h5 Rc8 17. O-O b5 18. Rfe1 Nb6 19. Nh4 Na5 20. Ng6+ Kg8 21.
Ne4 Bxe4 22. Rxe4 Nac4 23. Nxh8 Kxh8 24. Qe2 Na4 25. Rb1 Nc5 26. Rg4 Nxd3 27. Qxd3 Bc5 28. a4 Qd5 29. axb5 axb5 30. Re1 Bb6 31. b3 Na5 32.
Rf4 Kg8 33. Qd1 Nxb3 34. Qg4 d3 35. Bh4 Bc5 36. Bf6 Bf8 37. Rd1 d2 38. Qe2 Rc1 39.
Rg4 Rxd1+ 40. Qxd1 Qc5 41. Bxg7 Bxg7 42. Qxb3 Qc1+ 43.
Kh2 d1=Q 44. Qg3 Qxg4 45. Qxg4 Qg5 46. Qe2 Qxe5+ 0-1

[Event "Early-Titled-Tuesday-Blitz-November-28-2023"]
[Site "Chess.com"]
[Date "2023.11.28"]
[Round "4"]
[White "Zurability"]
[Black "szachuspl"]
[Result "1-0"]
[WhiteElo "2859"]
[BlackElo "2519"]
[TimeControl "180+1"]
[EndTime "8:39:46 PST"]
[Termination "Zurability won by resignation"]

1. e4 e5 2. Nf3 Nc6 3. Bc4 Nf6 4.
d4 Nxe4 5. dxe5 Nc5 6. O-O Be7 7.
Nc3 O-O 8. Nd5 Ne6 9. Bd3 d6 10. Nxe7+ Qxe7 11. exd6 Qxd6 12. Re1 b6 13. Be4 Qxd1 14.
Rxd1 Bb7 15. Be3 Rad8 16. Ne5 Nxe5 17. Bxb7 Nc4 18. Bd5 Nxe3 19. fxe3 Rd6 20. Rd3 Nc5 21. Rd4 Re8 22. Kf2 a5 23. Rad1 Kf8 24. c3 Re5 25.
Bf3 Ke7 26. Ke2 Ne6 27. Rxd6 cxd6 28. b4 Nc7 29. a4 Na6 30. Rb1 axb4 31. cxb4 f5 32. Kd3 Kd7 33. Bb7 Nc7 34. Ra1 Ne6 35.
Bf3 g5 36. Rc1 g4 37. Bb7 Nd8 38. Ba6 Rd5+ 39. Kc4 Rd2 40. Bb5+ Ke7 41. Kb3 Rxg2 42. a5 bxa5 43. bxa5 Nb7 44. a6 Nc5+ 45. Rxc5 dxc5 46. a7 Rxh2 47. a8=Q g3 48. Qb7+ Kf6 49. Qc7 Rh3 50.
Qd6+ Kg5 51. Qf4+ Kf6 52. Bf1 Rh5 53. Qxg3 Rg5 54. Qd6+ Kg7 55. Bc4 h5 56. Qe7+ Kg6 57.
Bf7+ Kh6 58. Qf6+ 1-0

[Event "Early-Titled-Tuesday-Blitz-November-28-2023"]
[Site "Chess.com"]
[Date "2023.11.28"]
[Round "4"]
[White "Let_it_be_1"]
[Black "giomar27"]
[Result "1-0"]
[WhiteElo "2668"]
[BlackElo "2447"]
[TimeControl "180+1"]
[EndTime "8:39:48 PST"]
[Termination "Let_it_be_1 won on time"]

1. e4 e5 2. Nf3 Nc6 3. Bb5 a6 4. Ba4 Bc5 5. c3 Nge7 6. d4 exd4 7. cxd4 Bb4+ 8. Bd2 Bxd2+ 9. Qxd2 d5 10. Nc3 dxe4 11. Nxe4 O-O 12. O-O Bg4 13. Ne5 Nxe5 14. dxe5 Qxd2 15.
Nxd2 Rad8 16. Ne4 Rd4 17. Bc2 Bf5 18. Rfe1 Rfd8 19. Rac1 Ng6 20. Nf6+ gxf6 21. Bxf5 Nxe5 22. Rxc7 Rf4 23. Rc8 Rd4 24. Rxd8+ Rxd8 25. f4 Ng6 26. g3 Rd2 27. b3 Rxa2 28. Re8+ Kg7 29. Rb8 b5 30.
Rb7 Rb2 31. Be6 Nh8 32. Bd5 a5 33. Rxb5 Ra2 34. Rb7 Rd2 35. Bc4 Rc2 36. Ra7 Ra2 37.
h4 f5 38. h5 h6 39. Kf1 Kf8 40. Bd3 Ra3 41. Bxf5 Rxb3 42. Kg2 Ra3 43. Bd7 Kg7 44.
Kh3 Kf8 45. Kg4 Kg7 46. Bc6 Kf8 47. Kf5 Rxg3 48. Kf6 Rd3 49. Ra8+ 1-0

[Event "Early-Titled-Tuesday-Blitz-November-28-2023"]
[Site "Chess.com"]
[Date "2023.11.28"]
[Round "4"]
[White "Kolle05"]
[Black "VitaliyChayka"]
[Result "1-0"]
[WhiteElo "2659"]
[BlackElo "2426"]
[TimeControl "180+1"]
[EndTime "8:39:48 PST"]
[Termination "Kolle05 won on time"]

1. e4 d6 2. d4 Nf6 3. Nc3 e5 4. Nf3 Nbd7 5. Bc4 Be7 6. h3 O-O 7. g4 c6 8. a4 a5 9. Be3 exd4 10. Nxd4 Nc5 11. f3 Qb6 12. Nb3 Qb4 13. Qe2 d5 14. exd5 cxd5 15. Nxc5 Bxc5 16. Bxc5 Qxc5 17. Bb5 d4 18. Ne4 Nxe4 19. Qxe4 f5 20. Qd3 Qb4+ 21. Kf2 Qxb2 22. Rae1 Qb4 23. g5 f4 24. Re5 Qd6 25.
Qe4 Bd7 26. Rd5 Qb6 27. Rxd7 d3+ 28. Qd4 Qxd4+ 29. Rxd4 dxc2 30. Rc1 Rac8 31. Rc4 Rxc4 32. Bxc4+ Kh8 33. Rxc2 Rc8 34. Bb3 Rd8 35. h4 g6 36.
Rc7 Rd2+ 37. Ke1 Rd8 38. Rxb7 h5 39. gxh6 g5 40. hxg5 Re8+ 41. Kd1 Re1+ 42. Kc2 Re2+ 43. Kc3 Re3+ 44. Kb2 Re2+ 45. Bc2 Re8 46. g6 Kg8 47. g7 1-0

[Event "Early-Titled-Tuesday-Blitz-November-28-2023"]
[Site "Chess.com"]
[Date "2023.11.28"]
[Round "4"]
[White "Thormento16"]
[Black "bubeliang"]
[Result "0-1"]
[WhiteElo "2359"]
[BlackElo "2643"]
[TimeControl "180+1"]
[EndTime "8:39:48 PST"]
[Termination "bubeliang won by resignation"]

1. d4 e5 2. e4 exd4 3. Nf3 Nc6 4. Nxd4 Bc5 5. Be3 Qf6 6. c3 Nge7 7. g3 O-O 8. Bg2 Nxd4 9. cxd4 Bb4+ 10. Nc3 d5 11.
O-O Bxc3 12. bxc3 dxe4 13. Bxe4 c6 14. Bg2 Be6 15. Bf4 Nd5 16. Be5 Qe7 17. Qd2 b5 18. a4 a6 19. axb5 axb5 20. h4 Qd7 21. Rfe1 f6 22.
Bf4 Bf7 23. Kh2 Nb6 24. Qe2 Bc4 25. Qe3 Nd5 26. Bxd5+ Bxd5 27. Rxa8 Rxa8 28. Qe7 Qxe7 29. Rxe7 Ra3 30. Re3 Ra1 31. f3 Ra2+ 32. Kg1 Kf7 33. g4 h6 34. h5 Rc2 35. Kf1 Bc4+ 36. Ke1 Bd5 37. Bd6 Be6 38. Bb4 Rh2 39. Re2 Rh3 40. Re3 f5 41. gxf5 Bd5 42. Re7+ Kg8 43. Bd6 Rxh5 44.
Be5 Bf7 45. f6 gxf6 46. Bxf6 Rf5 47. Be5 Rxf3 48. Rc7 Rxc3 49. Kd2 Rc4 50. Ke3 b4 51. Rc8+ Kh7 52. Rh8+ Kg6 53. Bf4 b3 54. Rxh6+ Kg7 55.
Rh2 Bg6 56. Rb2 Bc2 57. Be5+ Kg6 58. Kd2 Kf5 59. Bh8 Ke4 60. Bg7 Rxd4+ 61. Bxd4 Kxd4 62.
Kc1 Kc4 63. Kd2 Kb4 64. Kc1 Ka3 65. Rxc2 bxc2 66. Kxc2 Kb4 67. Kb2 Kc4 68. Kc2 c5 69.
Kb2 0-1

[Event "Early-Titled-Tuesday-Blitz-November-28-2023"]
[Site "Chess.com"]
[Date "2023.11.28"]
[Round "4"]
[White "tacticthunder"]
[Black "Haykoooo0o"]
[Result "1-0"]
[WhiteElo "2785"]
[BlackElo "2415"]
[TimeControl "180+1"]
[EndTime "8:39:48 PST"]
[Termination "tacticthunder won by checkmate"]

1. d4 Nf6 2. Nf3 g6 3. g3 Bg7 4. Bg2 O-O 5. O-O d6 6. c4 c6 7. Nc3 Qb6 8. a3 Qa6 9. Nd2 e5 10. d5 Nbd7 11. Nde4 cxd5 12. cxd5 Nxe4 13. Nxe4 Nf6 14.
Nc3 Bg4 15. Re1 Rac8 16. f3 Bd7 17. e4 b5 18. Be3 Qb7 19. Bf1 a5 20. Qb3 Rb8 21.
Rac1 Rfc8 22. Na2 h5 23. h4 Kh7 24. Rxc8 Rxc8 25. Nc3 Rb8 26. Nd1 Bh6 27. Bg5 Bxg5 28. hxg5 Ne8 29. f4 Qb6+ 30. Qe3 Qc7 31. Nf2 Rc8 32.
Nd3 f6 33. Rc1 Qd8 34. Rxc8 Qxc8 35. gxf6 Nxf6 36. fxe5 Ng4 37. Qd4 dxe5 38. Nxe5 Qh8 39. Nf3 Qf8 40. Be2 b4 41. axb4 axb4 42. e5 Qf5 43. e6 Qb1+ 44. Qd1 Qe4 45. exd7 Qe3+ 46. Kg2 Qf2+ 47. Kh3 Ne3 48. Qg1 Qxe2 49. d8=Q Qxf3 50. Qe7+ Kg8 51. Qexe3 Qf5+ 52. Kh2 Qxd5 53. Qgf2 Qd1 54. Qe8+ Kh7 55. Qff7+ Kh6 56. Qh8+ Kg5 57. Qf4# 1-0

[Event "Early-Titled-Tuesday-Blitz-November-28-2023"]
[Site "Chess.com"]
[Date "2023.11.28"]
[Round "4"]
[White "Rumpel-VK"]
[Black "suyu28"]
[Result "1-0"]
[WhiteElo "2563"]
[BlackElo "2728"]
[TimeControl "180+1"]
[EndTime "8:39:49 PST"]
[Termination "Rumpel-VK won by resignation"]

1. d4 Nf6 2. c4 e6 3. Nf3 d5 4. Nc3 c6 5. e3 Nbd7 6. Qc2 Bd6 7. b3 O-O 8. Be2 b6 9. Bb2 Bb7 10. O-O Rc8 11. Rad1 Qe7 12. Rfe1 Rfe8 13. Qb1 Nf8 14. e4 dxe4 15. Nxe4 Nxe4 16. Qxe4 c5 17. Qe3 Ng6 18.
g3 cxd4 19. Qxd4 f6 20. Qxd6 Qf7 21. Qd7 Re7 22. Qd3 e5 23. Qf5 Rc5 24. Rd8+ Nf8 25.
Ba3 g6 26. Qh3 e4 27. Bxc5 exf3 28. Bxe7 Qxe7 29. Rd2 Qb4 30. Rdd1 fxe2 31. Rxe2 Qc3 32.
Re3 Qc2 33. Rde1 f5 34. Re7 Be4 35. Qh6 Qc3 36. R1xe4 fxe4 37. Re8 Qa1+ 38. Kg2 Qf6 39. Rxe4 Ne6 40. Qe3 Ng5 41. Re8+ Kf7 42. Rc8 Qf5 43. Qf4 Ne6 44. Qxf5+ gxf5 45. Ra8 a5 46. Rb8 Nc5 47. Rxb6 Ne4 48. Rb5 Nc3 49. Rxf5+ 1-0

[Event "Early-Titled-Tuesday-Blitz-November-28-2023"]
[Site "Chess.com"]
[Date "2023.11.28"]
[Round "4"]
[White "secretsuperstar7"]
[Black "tylityli"]
[Result "0-1"]
[WhiteElo "2452"]
[BlackElo "2270"]
[TimeControl "180+1"]
[EndTime "8:39:49 PST"]
[Termination "tylityli won on time"]

1. c4 c5 2. Nc3 Nf6 3. g3 d5 4. cxd5 Nxd5 5. Bg2 Nc7 6. Nf3 Nc6 7. d3 e5 8. O-O Be7 9. Be3 Bd7 10. Rc1 O-O 11.
Nd2 Rc8 12. Nce4 b6 13. Nc4 Nd5 14. Ned6 Nxe3 15. fxe3 Bxd6 16. Nxd6 Rc7 17. Nc4 Qg5 18. e4 Nd4 19. Kh1 Bg4 20. Bf3 Bh3 21. Rf2 Re7 22.
e3 Nxf3 23. Qxf3 Bg4 24. Qg2 Qh5 25. Nd6 Rd7 26. Nf5 Rxd3 27. Ne7+ Kh8 28. Qf1 Rxe3 29.
Rc3 Rxe4 30. Rc4 Rxc4 31. Qxc4 Be6 32. Qf1 h6 33. Nf5 Qg4 34. Ne3 Qe4+ 35. Ng2 Kh7 36. Re2 Qd5 37. Qb1+ g6 38. Qe1 Rd8 39. Kg1 Qd4+ 40.
Kh1 Rd5 41. Re4 Qd1 42. Qxd1 Rxd1+ 0-1

[Event "Early-Titled-Tuesday-Blitz-November-28-2023"]
[Site "Chess.com"]
[Date "2023.11.28"]
[Round "4"]
[White "alvarorodriguezavila"]
[Black "Flaccidmoves"]
[Result "1/2-1/2"]
[WhiteElo "2219"]
[BlackElo "2391"]
[TimeControl "180+1"]
[EndTime "8:39:51 PST"]
[Termination "Game drawn by stalemate"]

1. e4 e6 2. d4 d5 3. Nc3 Bb4 4. e5 c5 5. a3 Bxc3+ 6. bxc3 Qc7 7. Bd3 Ne7 8. Qg4 cxd4 9. Ne2 dxc3 10. Qxg7 Rg8 11.
Qxh7 Nbc6 12. f4 Rxg2 13. Ng3 Qb6 14. Qh8+ Kd7 15. Rf1 Nd4 16. Kd1 Nxc2 17. Ra2 Qd4 18.
Qh7 Nf5 19. Rf3 Nce3+ 20. Rxe3 Rxa2 21. Nxf5 exf5 22. Qxf7+ Kc6 23. e6 Qa4+ 24. Ke1 Ra1 25.
Qe8+ Kd6 26. Qxa4 Rxc1+ 27. Kf2 Bxe6 28. Qb4+ Kd7 29. Qxb7+ Kd6 30. Qxa8 d4 31. Rxe6+ Kxe6 32. Qe8+ Kd5 33. Qe5+ Kc6 34. Qxd4 Rd1 35. Qxc3+ Kd6 36. Qc2 Rh1 37. Kg2 Re1 38. Bxf5 Re7 39. Qd3+ Kc7 40. Be4 Rg7+ 41. Kf3 Re7 42. Qc4+ Kd8 43. Qd4+ Rd7 44. Qxd7+ Kxd7 45. h4 Ke7 46. Kg4 Kf7 47. h5 Kg7 48. Kg5 Kh8 49. f5 Kg7 50. f6+ Kh8 51. f7 Kg7 52. Bd5 Kf8 53. Kf6 a5 54. Be6 a4 55. Bg4 1/2-1/2

[Event "Early-Titled-Tuesday-Blitz-November-28-2023"]
[Site "Chess.com"]
[Date "2023.11.28"]
[Round "4"]
[White "wqws"]
[Black "snowlord"]
[Result "1/2-1/2"]
[WhiteElo "2596"]
[BlackElo "2870"]
[TimeControl "180+1"]
[EndTime "8:39:56 PST"]
[Termination "Game drawn - insufficient material"]

1. e4 e6 2. d4 d5 3. Nc3 dxe4 4. Nxe4 Nd7 5. Nf3 Ngf6 6. Nxf6+ Nxf6 7. Bd3 c5 8. dxc5 Bxc5 9. Qe2 O-O 10. Bg5 h6 11.
Bh4 Qa5+ 12. c3 Be7 13. O-O Bd7 14. Ne5 Rad8 15. Rad1 Be8 16. a3 Nd5 17. Bg3 b5 18. Bb1 Qb6 19. Rfe1 a5 20. Qc2 g6 21. h4 Nf6 22. Bf4 Kg7 23. Rxd8 Bxd8 24. Qd2 Rh8 25. Ba2 Be7 26. Nxg6 Kxg6 27. Re3 h5 28. Bb1+ Kg7 29. Be5 Rh6 30. Rg3+ Rg6 31. Bxg6 fxg6 32. Qg5 Qd8 33. Bd4 Kh7 34. Rf3 Kg7 35. Re3 Bf7 36.
g4 hxg4 37. h5 Qh8 38. hxg6 Bxg6 39. Rxe6 Kf7 40. Rxe7+ Kxe7 41. Qxg6 Qh4 42. Bxf6+ Qxf6 43. Qxf6+ Kxf6 44. Kg2 a4 45. Kg3 Kf5 46. f3 gxf3 47. Kxf3 Ke5 48. Ke3 Kd5 49. Kd3 Kc5 50. c4 b4 51.
axb4+ Kxb4 52. Kd4 Kb3 53. c5 Kxb2 54. c6 a3 55. c7 a2 56. c8=Q a1=Q 57. Qc3+ Kb1 58. Qxa1+ Kxa1 1/2-1/2

[Event "Early-Titled-Tuesday-Blitz-November-28-2023"]
[Site "Chess.com"]
[Date "2023.11.28"]
[Round "4"]
[White "amanjazu"]
[Black "MikeSailer"]
[Result "0-1"]
[WhiteElo "2408"]
[BlackElo "2064"]
[TimeControl "180+1"]
[EndTime "8:39:57 PST"]
[Termination "MikeSailer won by resignation"]

1. g3 d5 2. Bg2 Nf6 3. f4 g6 4.
Nf3 Bg7 5. O-O b6 6. d3 Bb7 7. Qe1 O-O 8. e3 c5 9. Nbd2 Nc6 10. a3 a5 11. h3 b5 12. e4 e6 13. Qf2 c4 14. e5 Nd7 15. d4 b4 16. c3 bxc3 17.
bxc3 Ne7 18. g4 Bc6 19. Re1 Ba4 20. Nf1 Rb8 21. Ng3 Rb3 22. Re3 Qb6 23. Nd2 Rb2 24. Bxb2 Qxb2 25. Rae1 Qxa3 26. f5 exf5 27. gxf5 Bh6 28.
f6 Nf5 29. Nxf5 gxf5 30. Qxf5 Kh8 31. Qxd7 Bxd7 32. Bxd5 Rg8+ 33. Kf2 Bxe3+ 34. Rxe3 Be6 35. Be4 Qc1 36. Nf1 Qb2+ 37. Ke1 a4 38. d5 a3 39.
dxe6 a2 40. Re2 a1=Q+ 41. Kf2 Qxf1+ 42. Kxf1 Qc1+ 43. Re1 Qf4+ 44. Ke2 Qxe4+ 45. Kf2 Rg2+ 0-1

[Event "Early-Titled-Tuesday-Blitz-November-28-2023"]
[Site "Chess.com"]
[Date "2023.11.28"]
[Round "4"]
[White "DumbKing75"]
[Black "Nadeev_Sergey"]
[Result "0-1"]
[WhiteElo "2633"]
[BlackElo "2396"]
[TimeControl "180+1"]
[EndTime "8:40:00 PST"]
[Termination "Nadeev_Sergey won by resignation"]

1. e4 e5 2. Nf3 Nc6 3. Bb5 a6 4. Bxc6 dxc6 5. O-O f6 6. d4 exd4 7. Nxd4 c5 8. Ne2 Qxd1 9. Rxd1 Bd7 10. Nbc3 O-O-O 11.
Be3 b6 12. a4 c4 13. Nf4 Ne7 14. Rd4 Nc6 15. Rxc4 Bd6 16. Rd1 Kb7 17. Nfd5 Be6 18. Ne2 Ne5 19. Rcd4 Bc5 20. R4d2 Nc4 21. Nef4 Bxd5 22.
Rxd5 Rxd5 23. Nxd5 Nxb2 24. Ra1 Bxe3 25. Nxe3 Re8 26.
f3 Rd8 27. Kf1 Rd4 28. a5 Nc4 29. Nf5 Rd7 30. axb6 cxb6 31. Ke2 Rd2+ 32. Kf1 Rd7 33. c3 b5 34. Ra2 Kb6 35. Ke2 a5 36. Nd4 Kc5 37.
Nb3+ Kb6 38. g3 a4 39. Nd4 Kc5 40. Kd3 Ne5+ 41. Ke3 Kc4 42. f4 Nd3 43. Ne2 Nc5 44. Ra1 Rd3+ 45. Kf2 Nxe4+ 46. Ke1 Nxc3 47. Nc1 Rd1+ 48.
Kf2 b4 49. f5 b3 50. Ke3 b2 0-1

[Event "Early-Titled-Tuesday-Blitz-November-28-2023"]
[Site "Chess.com"]
[Date "2023.11.28"]
[Round "4"]
[White "ActorXu"]
[Black "Shuvalov"]
[Result "1-0"]
[WhiteElo "2836"]
[BlackElo "2574"]
[TimeControl "180+1"]
[EndTime "8:40:04 PST"]
[Termination "ActorXu won by resignation"]

1. e4 e6 2. d4 d5 3. e5 c5 4. c3 Nc6 5. Nf3 Qb6 6. a3 Bd7 7. b4 cxd4 8. cxd4 Rc8 9. Bb2 Nge7 10. Nc3 Na5 11. Na4 Qc6 12. Nc5 Nc4 13. Bc3 b6 14. Nxd7 Qxd7 15. Bd3 b5 16. O-O h6 17. Qe2 Nc6 18. Nd2 a5 19. bxa5 Qa7 20. Nb3 Bxa3 21.
Bxc4 bxc4 22. Rxa3 cxb3 23. Rxb3 O-O 24. Qd2 Rb8 25. Rfb1 Rxb3 26. Rxb3 Rb8 27. Rxb8+ Qxb8 28. Qa2 Qa7 29. Qa4 Qa6 30. h3 Kh7 31. Kh2 h5 32. Qc2+ Kg8 33. Qa4 Kh7 34. Qa3 Na7 35. Qc5 Nc8 36. Bd2 Kg6 37. Qc2+ f5 38. exf6+ Kxf6 39. h4 g6 40. Bg5+ Kf7 41. Qc7+ Ke8 42. Qd8+ Kf7 43.
Qd7+ Kg8 44. Bf6 Qd6+ 45. Qxd6 Nxd6 46. a6 Nb5 47. Be7 Nc7 48. a7 Kf7 49. Bd6 Na8 50.
Kg3 Kf6 51. Kf4 Nb6 52. Be5+ Kf7 53. Kg5 Na8 54. f3 Nb6 55. Bc7 Na8 56. Bd8 Ke8 57. Ba5 Kf7 58. g3 Kg7 59. Bd8 Kf7 60. Kf4 Ke8 61. Ba5 Kf7 62. Ke5 g5 63. hxg5 Kg6 64. Kxe6 Kxg5 65. Kxd5 Kf5 66. Kc6 h4 67. gxh4 Kf4 68. d5 Kxf3 69. d6 1-0